Map: Newkirk Precinct TE (Void)

Players

FLORENCIO - Winner!

  • Race: Protoss Protoss
  • League: Master
  • Spawn Location: 5:00

WicclaiR

  • Race: Zerg Zerg
  • League: Master
  • Spawn Location: 7:00

VOD

Have the link to the VOD?

Description

Time

  • Played on: Jan. 1, 2017, 7:30 p.m.
  • Length: 12:39
Show
View Real Time Build Order
Export as new Build Order

FLORENCIO Protoss - Winner!

Build Orders:  

Get SALT Encoding   

  12  0:01  Probe (Chrono Boost)  
  13  0:11  Probe (Chrono Boost)  
  14  0:25  Probe (Chrono Boost)  
  14  0:27  Pylon  
  15  0:45  Probe (Chrono Boost)  
  15  0:46  Forge  
  16  0:55  Probe (Chrono Boost)  
  17  1:06  Probe (Chrono Boost)  
  18  1:15  Pylon  
  18  1:16  Pylon  
  18  1:18  Pylon  
  18  1:22  Probe (Chrono Boost)  
  19  1:33  Probe (Chrono Boost)  
  19  1:34  Photon Cannon  
  19  1:35  Photon Cannon  
  20  1:44  Probe (Chrono Boost)  
  21  1:49  Pylon  
  21  2:04  Assimilator  
  21  2:06  Gateway  
  21  2:08  Assimilator, Pylon  
  21  2:10  Probe (Chrono Boost)  
  22  2:21  Probe (Chrono Boost)  
  23  2:31  Probe (Chrono Boost)  
  24  2:37  Pylon  
  24  2:42  Probe (Chrono Boost)  
  25  2:47  Pylon  
  25  2:54  Zealot  
  27  2:59  Cybernetics Core  
  27  3:07  Photon Cannon  
  27  3:11  Photon Cannon  
  27  3:19  Photon Cannon  
  27  3:35  Photon Cannon  
  27  3:41  Photon Cannon  
  27  3:46  Mothership Core (Chrono Boost)  
  29  4:00  Nexus  
  29  4:07  Stalker  
  31  4:26  Photon Cannon  
  31  4:37  Pylon  
  29  4:52  Pylon  
  29  4:56  Photon Cannon, Pylon  
  29  4:58  Photon Cannon  
  29  5:07  Photon Cannon  
  29  5:30  Photon Cannon  
  29  5:31  Photon Cannon  
  29  5:34  Probe (Chrono Boost), Pylon  
  30  5:45  Assimilator, Probe (Chrono Boost)  
  30  5:49  Assimilator  
  31  5:55  Probe (Chrono Boost)  
  32  6:04  Stargate  
  32  6:06  Probe (Chrono Boost), Stargate  
  32  6:08  Stargate  
  32  6:16  Probe (Chrono Boost)  
  33  6:28  Probe (Chrono Boost)  
  34  6:37  Mothership Core (Chrono Boost)  
  34  6:39  Probe (Chrono Boost)  
  35  6:49  Probe (Chrono Boost)  
  40  6:56  Oracle x2  
  40  6:57  Oracle  
  40  7:01  Probe (Chrono Boost)  
  46  7:11  Probe (Chrono Boost)  
  46  7:32  Oracle x2  
  46  7:36  Probe (Chrono Boost)  
  53  7:37  Oracle  
  56  7:55  Pylon  
  56  7:57  Pylon  
  56  8:08  Oracle x2  
  62  8:13  Oracle  
  62  8:43  Oracle x2  
  71  8:58  Probe (Chrono Boost)  
  72  9:04  Pylon  
  72  9:07  Pylon  
  72  9:09  Probe (Chrono Boost)  
  73  9:14  Forge  
  73  9:17  Pylon  
  76  9:55  Phoenix x3  
  70  10:06  Photon Cannon  
  70  10:09  Photon Cannon  
  70  10:14  Photon Cannon  
  70  10:20  Phoenix x3  
  76  10:24  Photon Cannon  
  76  10:26  Photon Cannon x2  
  76  10:28  Pylon  
  75  10:45  Phoenix  
  75  10:46  Phoenix x2  
  76  11:18  Void Ray x3  
  74  11:55  Probe (Chrono Boost)  
Show
View Real Time Build Order
Export as new Build Order

WicclaiR Zerg 

Build Orders: Hatch First, Swarm Host 

Get SALT Encoding   

  12  0:01  Drone  
  13  0:13  Overlord  
  13  0:18  Drone  
  14  0:26  Drone, Extractor  
  15  0:32  Drone  
  15  0:35  Drone  
  17  0:56  Hatchery  
  16  0:59  Drone  
  17  1:07  Drone  
  18  1:14  Extractor  
  18  1:16  Spawning Pool  
  16  1:18  Drone  
  16  1:22  Drone  
  18  1:30  Drone  
  19  1:56  Extractor  
  19  1:59  Drone  
  19  2:00  Drone  
  21  2:08  Overlord, Roach Warren  
  20  2:19  Overlord  
  20  2:25  Hatchery  
  19  2:48  Roach x3  
  25  2:59  Roach  
  27  3:09  Ravager x2  
  29  3:18  Drone  
  30  3:20  Ravager  
  32  3:43  Ravager  
  35  3:58  Drone x3  
  36  4:05  Hatchery  
  35  4:10  Hatchery  
  35  4:14  Overlord  
  35  4:15  Lair  
  34  4:21  Drone  
  35  4:36  Drone  
  36  4:44  Drone  
  37  4:47  Hatchery  
  36  5:03  Drone x2  
  38  5:11  Hatchery  
  37  5:20  Infestation Pit  
  37  5:34  Drone  
  37  5:35  Drone x4  
  42  5:36  Queen  
  42  5:38  Queen  
  46  5:58  Overseer  
  46  6:04  Swarm Host  
  46  6:05  Swarm Host x3  
  46  6:07  Overlord x3  
  46  6:10  Extractor x2  
  56  6:24  Swarm Host x2  
  62  6:26  Overlord x2  
  62  6:27  Swarm Host x2  
  68  6:34  Queen  
  70  6:41  Drone  
  70  6:42  Drone x5  
  76  6:58  Swarm Host x3  
  85  7:04  Drone x2  
  81  7:32  Drone  
  81  7:33  Drone x13  
  81  7:35  Drone  
  96  7:52  Overseer  
  96  8:08  Overseer  
  96  8:09  Spire  
  95  8:32  Drone  
  95  8:33  Overlord  
  96  8:34  Overlord x10  
  96  8:38  Extractor x2  
  94  8:45  Spore Crawler  
  94  8:48  Spore Crawler x2  
  71  8:49  Spore Crawler  
  71  8:50  Spore Crawler  
  71  8:51  Spore Crawler  
  71  8:52  Spore Crawler x2  
  71  8:55  Spore Crawler  
  47  8:58  Spore Crawler x2  
  47  8:59  Spore Crawler  
  47  9:00  Spore Crawler  
  43  9:15  Spore Crawler  
  42  9:18  Spore Crawler  
  41  9:27  Mutalisk x5  
  51  9:31  Mutalisk  
  51  9:38  Mutalisk  
  53  9:40  Mutalisk  
  57  9:46  Mutalisk  
  57  9:49  Mutalisk  
  55  9:53  Mutalisk  
  55  9:58  Mutalisk  
  59  10:02  Mutalisk  
  61  10:10  Mutalisk  
  63  10:14  Corruptor  
  65  10:30  Corruptor x2  
  69  10:43  Corruptor  
  69  11:02  Corruptor  
  67  11:18  Hatchery  
  66  11:39  Pathogen Glands  
  66  11:44  Queen  
  66  11:46  Spore Crawler  
  67  11:51  Drone  
  67  11:52  Drone x5  
Tags
 
Add a new tag
Caveats
  • Supply blocks, unpowered buildings, or Contaminate may cause inaccurate times.
  • Supply counts are checked every 10 seconds.